 Dungeon Crawl Stone Soup version 0.22-a0-858-g985ef60 (webtiles) character file.

5294 theanonym the Basher (level 10, -5/82 HPs)
             Began as a Mummy Warper on July 27, 2018.
             Was an Elder of Makhleb.
             Slain by a killer bee (10 damage)
             ... on level 8 of the Dungeon.
             The game lasted 00:23:18 (8823 turns).

theanonym the Basher (Mummy Warper)                 Turns: 8823, Time: 00:23:18

Health: -5/82      AC: 11    Str: 17    XL:     10   Next: 37%
Magic:  14/14      EV:  5    Int: 12    God:    Makhleb [****..]
Gold:   166        SH:  0    Dex: 19    Spells: 14/14 levels left

rFire    . . .     SeeInvis .   a - +0 morningstar
rCold    + . .     Gourm    .   (no shield)
rNeg     + + +     Faith    .   u - +0 plate armour
rPois    ∞         Spirit   .   c - +0 helmet
rElec    .         Reflect  .   g - scarf {cloud immunity}
rCorr    .         Harm     .   (no gloves)
MR       +....                  (no boots)
Stlth    ..........             e - amulet of regeneration
HPRegen  0.63/turn              j - ring of protection from fire
MPRegen  0.14/turn              h - +6 ring of dexterity

@: very slightly contaminated
A: no food or potions, fire vulnerability, cold resistance 1, negative energy
resistance 3, torment resistance, unbreathing
a: Minor Destruction, Lesser Servant of Makhleb, Major Destruction, Renounce
Religion


Innate Abilities, Weirdness & Mutations

You do not eat or drink.
Your flesh is vulnerable to fire.
You are immune to poison.
Your flesh is cold resistant. (rC+)
You are immune to negative energy. (rN+++)
You are immune to unholy pain and torment.
You can survive without breathing.


   Skills:
 + Level 8.7 Fighting
 * Level 10.2 Maces & Flails
 - Level 0.7 Throwing
 - Level 0.7 Armour
 - Level 1.5 Dodging
 - Level 2.6 Spellcasting
   Level 2.4 Translocations
 + Level 4.2 Invocations


You had 14 spell levels left.
You didn't know any spells.
Your spell library contained the following spells:

 Spells                   Type           Power        Failure   Level  Hunger
 Teleport Other           Tloc           #.......     100%        3    N/A
 Blink                    Tloc           N/A          100%        2    N/A
 Passage of Golubria      Tloc           N/A          100%        4    N/A
 Shroud of Golubria       Chrm/Tloc      #.........   100%        2    N/A
 Gell's Gravitas          Tloc           #.........   100%        3    N/A
 Lesser Beckoning         Tloc           #.........   100%        3    N/A

Skill      XL: |  1  2  3  4  5  6  7  8  9 10 |
---------------+-------------------------------+-----
Maces & Flails | 2 3 4 5 6 8 9 10 | 10.2
Fighting       | 3 4 5 7 8 |  8.7
Invocations    | 3 4 |  4.2
Throwing       | |  0.7
Armour         | |  0.7
Dodging        | |  1.5
Spellcasting   | |  2.6
Translocations | |  2.4

Action                   |  1- 3 |  4- 6 |  7- 9 | 10-12 || total
-------------------------+-------+-------+-------+-------++-------
Melee: Mace              |   195 |    20 |       |       ||   215
       Flail             |       |   247 |   343 |       ||   590
       Morningstar       |       |       |   361 |   139 ||   500
Throw: Tomahawk          |       |     1 |     3 |       ||     4
Invok: Lesser Servant of |       |       |       |     3 ||     3
Evoke: Wand              |       |       |    14 |     3 ||    17
  Use: Scroll            |     3 |     2 |     8 |     3 ||    16
 Stab: Paralysed         |       |       |    13 |       ||    13
Armor: Ring mail         |    81 |     5 |       |       ||    86
       Leather armour    |     1 |       |       |       ||     1
       Chain mail        |       |   151 |   201 |       ||   352
       Plate armour      |       |       |   338 |   145 ||   483
       Skin              |       |       |     1 |       ||     1
Dodge: Dodged            |   112 |   118 |   255 |    70 ||   555

Inventory:

Hand Weapons
 a - a +0 morningstar (weapon)
   (You bought it in a shop on level 6 of the Dungeon)
Missiles
 k - a tomahawk of dispersal (quivered)
 m - 10 tomahawks
 p - 2 steel tomahawks
Armour
 c - a +0 helmet (worn)
   (You found it on level 5 of the Dungeon)
 g - a scarf of cloud immunity (worn)
   (You found it on level 1 of the Dungeon)
 u - a +0 plate armour (worn)
   (You took it off an orc warrior on level 6 of the Dungeon)
Jewellery
 b - an uncursed amulet of the acrobat {unknown}
   (You found it on level 7 of the Dungeon)
 e - an amulet of regeneration (around neck)
   (You found it on level 2 of the Dungeon)
 h - a +6 ring of dexterity (right hand)
   (You found it on level 3 of the Dungeon)
 i - an uncursed ring of flight
   (You found it on level 3 of the Dungeon)
 j - a ring of protection from fire (left hand)
   (You found it on level 2 of the Dungeon)
 q - an uncursed amulet of the acrobat {unknown}
   (You found it on level 6 of the Dungeon)
 s - an uncursed ring of fire
   (You found it on level 7 of the Dungeon)
Wands
 d - a wand of digging (16)
   (You found it on level 5 of the Dungeon)
 v - a wand of polymorph (23)
   (You found it on level 7 of the Dungeon)
 w - a wand of iceblast (2)
   (You bought it in a shop on level 6 of the Dungeon)
Scrolls
 f - 3 scrolls of fog
 l - a scroll of immolation
 n - 5 scrolls of remove curse
 o - a scroll of noise
 t - 3 scrolls of teleportation {!r}
 x - a scroll of amnesia


You were on level 8 of the Dungeon.
You worshipped Makhleb.
Makhleb was greatly pleased with you.
You were not hungry.

You visited 2 branches of the dungeon, and saw 9 of its levels.
You also visited: Ossuary.

You collected 486 gold pieces.
You spent 320 gold pieces at shops.

Dungeon Overview and Level Annotations

Branches:
Dungeon (8/15)             Temple (1/1) D:5
   Lair: D:8-11

Altars:
Ashenzari
Cheibriados
Dithmenos
Elyvilon
Fedhas
Gozag
Hepliaklqana
Kikubaaqudgha
Makhleb
Nemelex Xobeh
Okawaru
Qazlal
Ru
Sif Muna
Trog
Uskayaw
Vehumet
Wu Jian
Xom
Yredelemnul
Zin
The Shining One

Shops:
D:6 %(}%(

Annotations:
D:6 exclusion: electric eel

........y..................
###....yo####'##.....#....
#..(...####.#....###....
###3yy..#.........###....
....y..##..........##....
.......y# ..........##....
#......yy##................
##......yy.................
%#.....yy@................
.###......y...............[
#.##............)#...... #
#.............<......
#.............###.#..
#.............###....
.....................
##.........#.#########
....+. #


You could see a queen bee, 10 killer bees and a friendly smoke demon.

Notes
Turn   | Place    | Note
-------+----------+-------------------------------------------
     0 | D:1      | theanonym the Mummy Warper began the quest for the Orb.
     0 | D:1      | Reached XP level 1. HP: 16/16 MP: 4/4
   220 | D:1      | Reached skill level 2 in Maces & Flails
   242 | D:1      | Reached XP level 2. HP: 21/22 MP: 5/5
  1060 | D:2      | Reached XP level 3. HP: 22/28 MP: 7/7
  1442 | D:2      | HP: 10/28 [worm (10)]
  1444 | D:2      | Reached skill level 3 in Maces & Flails
  2089 | D:3      | Reached XP level 4. HP: 30/34 MP: 8/8
  2102 | D:3      | Reached skill level 3 in Fighting
  2409 | D:3      | HP: 16/35 [orc priest/divine providence (15)]
  2418 | D:3      | HP: 10/35 [bat (1)]
  2429 | D:3      | HP: 13/35 [quokka (3)]
  2437 | D:3      | Reached XP level 5. HP: 21/41 MP: 9/9
  2846 | D:3      | HP: 17/41 [orc priest/divine providence (16)]
  2850 | D:3      | Reached skill level 4 in Maces & Flails
  3204 | D:4      | Reached XP level 6. HP: 42/48 MP: 10/10
  3233 | D:4      | Reached skill level 4 in Fighting
  3320 | D:4      | Reached skill level 5 in Maces & Flails
  3597 | D:4      | Reached XP level 7. HP: 55/55 MP: 11/11
  3885 | D:5      | Entered Level 5 of the Dungeon
  4003 | D:5      | HP: 27/55 [centaur (3)]
  4006 | D:5      | Reached skill level 5 in Fighting
  4008 | D:5      | HP: 23/56 [acid (4)]
  4165 | D:5      | Found a staircase to the Ecumenical Temple.
  4173 | Temple   | Entered the Ecumenical Temple
  4249 | Temple   | theanonym: !lg * mu win s=god
  4249 | Temple   | beem: 1798 games for * (mu win): 438x Gozag, 393x Sif Muna, 174x Ashenzari, 134x Okawaru, 97x Trog, 77x Kikubaaqudgha, 72x Vehumet, 66x Xom, 58x Nemelex Xobeh, 51x Makhleb, 43x Cheibriados, 39x Ru, 35x Lugonu, 30x Yredelemnul, 26x Pakellas, 16x Dithmenos, 14x Hepliaklqana, 14x, 7x Qazlal, 5x Uskayaw, 5x Jiyva, 4x Wu Jian
  4261 | Temple   | Became a worshipper of Makhleb the Destroyer
  4278 | D:5      | Reached skill level 6 in Maces & Flails
  4375 | D:5      | Found a sand-covered staircase.
  4385 | D:5      | HP: 27/56 [mummy (5)]
  4436 | Ossuary  | Entered an ossuary
  4565 | Ossuary  | Reached XP level 8. HP: 48/63 MP: 12/12
  4630 | Ossuary  | HP: 28/63 [mummy (11)]
  4635 | Ossuary  | HP: 16/63 [mummy (15)]
  4764 | Ossuary  | Reached * piety under Makhleb
  5332 | D:6      | Found Xateu's Antique Weapon Boutique.
  5375 | D:5      | HP: 31/64 [orc/flail (4)]
  5580 | D:6      | Found Wociseme's Food Shoppe.
  5658 | D:6      | Found a stormy altar of Qazlal.
  5681 | D:6      | Reached skill level 6 in Fighting
  5681 | D:6      | Reached skill level 7 in Maces & Flails
  5689 | D:6      | Found a white marble altar of Elyvilon.
  5691 | D:6      | Found an opulent altar of Gozag.
  5691 | D:6      | Found a hazy altar of Hepliaklqana.
  5718 | D:6      | Found Tutoym's Gadget Shoppe.
  5770 | D:6      | Found Xoqianem's Food Shop.
  5955 | D:6      | Found Xuinioxt's Antique Weapon Shoppe.
  5958 | D:6      | Bought a morningstar for 120 gold pieces
  6008 | D:6      | Bought a wand of paralysis (8) for 100 gold pieces
  6170 | D:6      | Reached ** piety under Makhleb
  6263 | D:6      | HP: 32/64 [orc/hand axe (1)]
  6269 | D:6      | HP: 27/64 [orc/short sword (1)]
  6534 | D:6      | Reached *** piety under Makhleb
  6755 | D:6      | Reached skill level 8 in Maces & Flails
  6774 | D:6      | HP: 32/65 [big kobold/short sword (2)]
  6786 | D:6      | HP: 32/65 [gnoll/spear (3)]
  6791 | D:6      | HP: 25/65 [gnoll/spear (4)]
  6793 | D:6      | Reached skill level 7 in Fighting
  6793 | D:6      | Reached XP level 9. HP: 36/72 MP: 13/13
  6797 | D:6      | HP: 35/72 [gnoll/spear (1)]
  7149 | D:6      | Bought a wand of iceblast (6) for 100 gold pieces
  7401 | D:7      | Noticed Harold
  7434 | D:6      | HP: 28/72 [Harold/long sword (13)]
  7440 | D:6      | HP: 14/72 [Harold/long sword (4)]
  7442 | D:6      | Killed Harold
  7442 | D:6      | Reached skill level 9 in Maces & Flails
  7442 | D:6      | Reached skill level 2 in Invocations
  7524 | D:7      | Noticed a two-headed ogre
  7538 | D:7      | Killed a two-headed ogre
  7538 | D:7      | Reached skill level 8 in Fighting
  7538 | D:7      | Reached skill level 3 in Invocations
  7602 | D:7      | Noticed Duvessa
  7643 | D:6      | Reached **** piety under Makhleb
  7667 | D:7      | Noticed Duvessa
  7667 | D:7      | Duvessa changed into Duvessa the acid dragon
  7669 | D:7      | Noticed Duvessa
  7669 | D:7      | Duvessa the acid dragon changed into Duvessa the ice beast
  7674 | D:7      | Noticed Dowan
  7677 | D:7      | HP: 35/74 [Duvessa the ice beast (6)]
  7769 | D:7      | Killed Duvessa the ice beast
  7769 | D:7      | Reached XP level 10. HP: 80/80 MP: 14/14
  7785 | D:7      | Killed Dowan
  8045 | D:7      | Noticed Menkaure
  8055 | D:7      | Killed Menkaure
  8125 | D:8      | HP: 38/80 [hippogriff (8)]
  8218 | D:8      | HP: 41/82 [ogre/giant spiked club (3)]
  8221 | D:8      | HP: 17/82 [ogre/giant spiked club (26)]
  8236 | D:8      | HP: 15/82 [orc priest/divine providence (12)]
  8521 | D:8      | Reached skill level 10 in Maces & Flails
  8575 | D:8      | Reached skill level 4 in Invocations
  8818 | D:8      | HP: 41/82 [killer bee (1)]
  8820 | D:8      | HP: 13/82 [killer bee (9)]
  8823 | D:8      | HP: 5/82 [killer bee (4)]
  8823 | D:8      | Slain by a killer bee

Vanquished Creatures
  Harold (D:6)
  A two-headed ogre (D:7)
  A hippogriff (D:8)
  Menkaure (D:7)
  An orc warrior (D:6)
  3 ice beasts
  A sky beast (D:8)
  A phantom (D:6)
  A black bear (D:8)
  A necrophage (D:8)
  2 ogres
  2 centaurs
  4 big kobolds (D:6)
  4 bullfrogs
  A wyvern skeleton (D:8)
  Dowan (D:7)
  A scorpion (D:5)
  A killer bee (D:8)
  3 howler monkeys
  3 centaur zombies (Ossuary)
  3 crimson imps
  4 hounds
  6 orc priests
  A human zombie (Ossuary)
  A jelly (D:5)
  7 orc wizards
  A centaur skeleton (D:4)
  3 iguanas
  11 worker ants
  A hound zombie (D:7)
  4 hound skeletons
  5 mummies
  3 worker ant zombies
  11 gnolls
  7 adders
  2 shadow imps
  2 adder skeletons
  2 worms
  4 leopard geckos
  45 orcs
  7 giant cockroaches
  27 goblins
  35 hobgoblins
  19 jackals
  11 kobolds
  8 quokkas
  A ball python (D:4)
  6 bats
  4 frilled lizards
  A gnoll zombie (Ossuary)
  A hobgoblin zombie (Ossuary)
  A kobold zombie (Ossuary)
  A leopard gecko skeleton (D:6)
  An orc zombie (Ossuary)
  A quokka zombie (D:5)
  10 rats
291 creatures vanquished.

Vanquished Creatures (collateral kills)
  3 killer bees (D:8)
  An adder (D:8)
  A shadow imp (D:8)
  An orc (D:8)
6 creatures vanquished.

Grand Total: 297 creatures vanquished

Table legend:
 A = Turns spent in this place as a percentage of turns spent in the entire game.
 B = Non-inter-level travel turns spent in this place as a percentage of non-inter-level travel turns spent in the entire game.
 C = Inter-level travel turns spent in this place as a percentage of turns spent in this place.
 D = Turns resting spent in this place as a percentage of non-inter-level travel turns spent in this place.
 E = Turns spent auto-exploring this place as a percentage of non-inter-level travel turns spent in this place.
 F = Non-inter-level travel turns spent in this place divided by the number of levels of this place that you've seen.
                   A       B       C       D       E      F
               +-------+-------+-------+-------+-------+----------------------
         Total | 100.0 | 100.0 |   4.5 |  17.6 |  52.6 | 842.4
       Dungeon |  94.9 |  94.7 |   4.7 |  17.0 |  53.5 | 997.5
        Temple |   1.1 |   1.1 |   8.2 |   0.0 |  83.3 |  90.0
       Ossuary |   4.0 |   4.2 |   0.0 |  37.0 |  24.6 | 354.0
               +-------+-------+-------+-------+-------+----------------------
